 Dungeon Crawl Stone Soup version 0.23.2 (webtiles) character file.

Game seed: 18241546182270100299

67 Gargoyl the Skirmisher (level 3, -3/31 HPs)
             Began as a Centaur Abyssal Knight on Apr 6, 2019.
             Was a Believer of Lugonu.
             Slain by kevinv12000's ghost (9 damage)
             ... on level 3 of the Dungeon.
             The game lasted 00:03:16 (2299 turns).

Gargoyl the Skirmisher (Centaur Abyssal Knight)     Turns: 2299, Time: 00:03:16

Health: -3/31      AC:  7    Str: 12 (14) XL:     3   Next: 98%
Magic:  4/4        EV:  3    Int: 10 (11) God:    Lugonu [**....]
Gold:   248        SH:  0    Dex:  6 (9)  Spells: 2/2 levels left

rFire    + . .     SeeInvis .   a - +2 hand axe
rCold    . . .     Gourm    .   (no shield)
rNeg     . . .     Faith    .   k - +0 chain mail
rPois    .         Spirit   .   (no helmet)
rElec    .         Reflect  .   (no cloak)
rCorr    .         Harm     .   (no gloves)
MR       .....                  (no barding)
Stlth    ..........             (no amulet)
HPRegen  0.10/turn              h - ring of protection from fire
MPRegen  0.09/turn              (no ring)

@: very quick
A: large, hooves 3, deformed body, speed 2, tough skin 3
a: Depart the Abyss, Bend Space, Renounce Religion


You were on level 3 of the Dungeon.
You worshipped Lugonu.
Lugonu was pleased with you.
You were not hungry.

You visited 1 branch of the dungeon, and saw 3 of its levels.
You visited the Abyss 1 time.

You collected 248 gold pieces.

Inventory:

Hand Weapons
 a - a +2 hand axe (weapon)
Armour
 k - a +0 chain mail (worn)
Jewellery
 h - a ring of protection from fire (left hand)
Scrolls
 e - 2 scrolls of remove curse
 f - a scroll of identify
 l - a scroll of immolation {unknown}
Potions
 d - a potion of resistance
 j - a potion of degeneration
Comestibles
 c - 5 rations
 m - 5 chunks of flesh


   Skills:
 + Level 3.4 Fighting
 + Level 2.5 Axes
 * Level 1.9 Armour
 * Level 1.2 Dodging
 * Level 2.5 Invocations


You had 2 spell levels left.
You didn't know any spells.
Your spell library was empty.

Dungeon Overview and Level Annotations

Branches:
Dungeon (3/15)

Altars:
Wu Jian

Annotations:
D:3 kevinv12000's ghost, amateur DsGl


Innate Abilities, Weirdness & Mutations

You have hooves in place of feet.
Armour fits poorly on your strangely shaped body.
You cover ground very quickly.
You have extremely tough skin. (AC +3)


Message History

Kevinv12000's ghost is heavily damaged.
Kevinv12000's ghost hits you.
You hit kevinv12000's ghost.
Kevinv12000's ghost is severely damaged.
Kevinv12000's ghost hits you.
You closely miss kevinv12000's ghost.
Kevinv12000's ghost is severely damaged.
You feel less wooden.
Your +0 chain mail unmelds from your body.
Kevinv12000's ghost hits you.
* * * LOW HITPOINT WARNING * * *
You closely miss kevinv12000's ghost.
Kevinv12000's ghost is severely damaged.
Kevinv12000's ghost hits you.
* * * LOW HITPOINT WARNING * * *
Kevinv12000's ghost barely misses you.
You hit kevinv12000's ghost.
Kevinv12000's ghost is severely damaged.
Kevinv12000's ghost hits you!
You die...

###..##..##...#.#..#
.....##............#.# #
##.#.##(...........#.#.# #
...................#.#.#.#
####.##..................#
...#.##..#######..........
...#.##..#.....#...#...#.##
....... #?≈≈≈≈W...........
.#..... #.....#@..#...#.##
...#.## #######...........
...#.# ... #...#.#.......
...... ...?.#...#)#.....##
...####..##.#(>............
........ .........†#.......
....... ...............>..
...####..##.#.#.#..#.....##
.........................#


You could see kevinv12000's ghost.

Vanquished Creatures
  An adder (D:3)
  A worm (D:2)
  2 dart slugs (D:1)
  A leopard gecko (D:1)
  2 ball pythons (D:1)
  6 bats
  A giant cockroach (D:2)
  5 goblins
  8 hobgoblins
  3 jackals (D:3)
  2 quokkas
  5 frilled lizards
  4 kobolds
  6 rats
47 creatures vanquished.

Notes
Turn   | Place    | Note
-------+----------+-------------------------------------------
     0 | Abyss:1  | Gargoyl the Centaur Abyssal Knight began the quest for the
                  | Orb.
     0 | Abyss:1  | Reached XP level 1. HP: 19/19 MP: 2/2
     9 | Abyss:1  | Found a corrupted altar of Lugonu.
    14 | Abyss:1  | Found a corrupted altar of Lugonu.
   101 | Abyss:1  | Found a corrupted altar of Lugonu.
   319 | Abyss:1  | Noticed a starcursed mass
   373 | Abyss:1  | Noticed a wretched star
   375 | D:1      | Escaped the Abyss
   463 | D:1      | Reached * piety under Lugonu
   466 | D:1      | Reached XP level 2. HP: 15/26 MP: 3/3
   991 | D:1      | Reached skill level 1 in Dodging
  1141 | D:2      | Found an ornate altar of the Wu Jian Council.
  1171 | D:2      | Reached XP level 3. HP: 31/31 MP: 4/4
  1626 | D:2      | Reached ** piety under Lugonu
  2046 | D:3      | Found a runed translucent door.
  2050 | D:3      | Noticed kevinv12000's ghost (amateur DsGl)
  2299 | D:3      | Slain by kevinv12000's ghost

Skill      XL: |  1  2 |
---------------+-------+-----
Axes           | 2 |  2.5
Dodging        | 1 |  1.2
Fighting       | |  3.4
Armour         | |  1.9
Invocations    | |  2.5

Action                   || total
-------------------------++-------
Melee: Hand axe          ||   127
       Kick              ||    20
Invok: Depart the Abyss  ||     1
  Use: Potion            ||     7
       Scroll            ||     5
  Eat: Chunk             ||     3
Armor: Leather armour    ||    37
       Chain mail        ||    39
       Skin              ||    16
       Ring mail         ||     3
Dodge: Dodged            ||    58
